 Dungeon Crawl Stone Soup version 0.28.0-45-g0d030f2227 (webtiles) character file.

Game seed: 11701807136733124701

58 nickcage the Firebug (level 3, -2/19 HPs)
             Began as a Deep Elf Fire Elementalist on Apr 4, 2022.
             Slain by Robin
             ... wielding a +6 club
              (11 damage)
             ... on level 2 of the Dungeon.
             The game lasted 00:05:50 (1964 turns).

nickcage the Firebug (Deep Elf Fire Elementalist)   Turns: 1964, Time: 00:05:51

Health: -2/19      AC:  2    Str:  5    XL:     3   Next: 75%
Magic:  3/9        EV: 12    Int: 21    God:
Gold:   33         SH:  0    Dex: 15    Spells: 5/8 levels left

rFire   . . .      SeeInvis .   f - +1 short sword (drain)
rCold   . . .      Faith    .   (no shield)
rNeg    . . .      Spirit   .   a - +0 robe
rPois   .          Reflect  .   (no helmet)
rElec   .          Harm     .   (no cloak)
rCorr   .          Rampage  .   (no gloves)
Will    .....                   (no boots)
Stlth   ++........              (no amulet)
HPRegen 0.06/turn               (no ring)
MPRegen 0.11/turn               (no ring)

@: no status effects
A: no striking features
a: no special abilities


You were on level 2 of the Dungeon.
You visited 1 branch of the dungeon, and saw 2 of its levels.

You collected 33 gold pieces.

Inventory:

Hand Weapons
 b - a +0 dagger
 f - a +1 short sword of draining (weapon)
Armour
 a - a +0 robe (worn)
Scrolls
 c - 2 scrolls of teleportation {unknown}
 d - a scroll of noise {unknown}
 e - a scroll of fear {unknown}
 g - a scroll of identify {unknown}


   Skills:
 - Level 2.4 Dodging
 - Level 2.4 Stealth
 - Level 3.0 Spellcasting
 - Level 1.1 Conjurations
 + Level 5.2 Fire Magic


You had 5 spell levels left.
You knew the following spells:

 Your Spells              Type           Power      Damage    Failure   Level
a - Foxfire               Conj/Fire      64%        2x1d7     3%          1
b - Scorch                Fire           50%        2d8       2%          2

Your spell library contained the following spells:

 Spells                   Type           Power      Damage    Failure   Level
 Conjure Flame            Conj/Fire      16%        6-21      11%         3
 Summon Small Mammal      Summ           12%        N/A       13%         1
 Inner Flame              Hex/Fire       14%        N/A       14%         3
 Flame Wave               Conj/Fire      16%        2d6       34%         4


Dungeon Overview and Level Annotations

Branches:
Dungeon (2/15)

Altars:

Annotations:
D:2 Robin


Message History

Flames lash the goblin.
You kill the goblin!
The hobgoblin shouts!
Flames lash the hobgoblin.
You kill the hobgoblin!
Flames lash the hobgoblin.
The hobgoblin is almost dead.
The hobgoblin's fire resistance burns away.
The hobgoblin hits you.
Flames lash the hobgoblin.
The hobgoblin is burned terribly!
You kill the hobgoblin!
A goblin comes into view. It is wielding a +0 dagger.
There is a stone staircase leading up here.
You climb upwards.
There is a stone staircase leading down here.
You start resting.
HP restored.
You start resting.
Magic restored.
You climb downwards.
Level annotation: Robin
There is a stone staircase leading up here.
Flames lash the goblin.
You kill the goblin!
Robin roars a battlecry!
The goblin goes into a battle-frenzy!
The goblin hits you with a +0 club.
You hear a shout!
Flames lash Robin.
Robin is heavily wounded.
Robin's fire resistance burns away.
Robin hits you with a +6 club. The goblin hits you with a +0 club.
You are too injured to fight recklessly!
Casting: Scorch (safe; 2% risk of failure)
Press: ? - help, Q - select action, (/) - cycle Dir - look around, f - activate Flames lash the goblin.
You kill the goblin!
Robin hits you with a +6 club!
Ouch! That really hurt!
You die...

#.######^..............†....
#......#......#.#...#.####.#
######....###.#.#####..###.#
#..#........#.#.#........#.#
#..#.#......#.#.#........#.#
#..#.#......#.#.#........#.#
#...........#.#.#######..#.#
#.##.####...#.#.# ##.#.#
#....# #.g@#.#....# #.#.#
###### #.).#.#....# #...#
g.g.g().....#....# ##..#
#############....# #..#
........#.#....#### ##..
........[..#.......# #.#
#........#.#.#.....######
.............†.......# #.
#####........#.#.#.....#.#
#.


You could see Robin (combustible) and a goblin.

Vanquished Creatures
  An adder (D:2)
  5 ball pythons
  2 bats (D:1)
  3 endoplasms (D:1)
  A giant cockroach (D:1)
  7 goblins
  8 hobgoblins
  4 jackals (D:1)
  6 kobolds
  A quokka (D:1)
  4 frilled lizards
  3 rats
45 creatures vanquished.

Vanquished Creatures (collateral kills)
  4 foxfires (D:1)
4 creatures vanquished.

Vanquished Creatures (others)
  11 foxfires (D:1)
  A fungus (D:1)
  109 plants (D:1)
121 creatures vanquished.

Grand Total: 170 creatures vanquished

Notes
Turn   | Place    | Note
-------+----------+-------------------------------------------
     0 | D:1      | nickcage the Deep Elf Fire Elementalist began the quest for
                  | the Orb.
     0 | D:1      | Reached XP level 1. HP: 10/10 MP: 6/6
   507 | D:1      | Reached skill level 4 in Fire Magic
   507 | D:1      | Reached XP level 2. HP: 10/15 MP: 5/8
   510 | D:1      | Learned a level 2 spell: Scorch
  1214 | D:1      | Found a faded altar of an unknown god.
  1221 | D:1      | Got Plato's Compendium of Summoning
  1239 | D:1      | Reached XP level 3. HP: 19/19 MP: 6/9
  1728 | D:2      | Reached skill level 5 in Fire Magic
  1887 | D:2      | Noticed Robin
  1964 | D:2      | Slain by Robin

Illustrated notes

Levels and vault maps discovered:
D:1:      roderic_crop_circles_arrival_small, layout_loops_ring,
          shapermc_ecumenical_altar_rom_forum, minmay_strange_pillars,
          dk_noncrumbling_3
D:2:      layout_basic, kennysheep_generic_room_3, uniq_robin,
          uniq_crazy_yiuf_cottage

Skill      XL: |  1  2  3 |
---------------+----------+-----
Fire Magic     | 4 5 |  5.2
Dodging        | |  2.4
Stealth        | |  2.4
Spellcasting   | |  3.0
Conjurations   | |  1.1

Action                   || total
-------------------------++-------
Melee: Dagger            ||    13
       Unarmed           ||     1
       Short sword       ||     6
 Cast: Foxfire           ||    12
       Scorch            ||    38
 Stab: Sleeping          ||     1
Armor: Robe              ||    16
Dodge: Dodged            ||    45
